[Event "IIFL Wealth 4th Mumbai GM"]
[Site "Mumbai"]
[Date "2019.01.05"]
[Round "7"]
[White "Deepan Chakkravarthy J."]
[Black "Rajesh, V A V"]
[Result "1/2-1/2"]
[ECO "A48"]
[WhiteElo "2550"]
[BlackElo "2402"]
[Annotator "ChessBase"]
[PlyCount "181"]
[EventDate "2018.12.30"]
[EventType "swiss"]
[EventCountry "IND"]
[SourceTitle "playchess.com"]
[Source "ChessBase"]
[SourceQuality "1"]
[TimeControl "40/5400+30:1800+30"]

1. Nf3 Nf6 2. d4 g6 3. Bf4 Bg7 4. e3 O-O 5. Be2 d6 6. h3 c5 7. c3 Qb6 8. Qb3 Be6 9. Qa3 Nc6 10. Nbd2 Bd5 11. O-O Rfe8 12. Nc4 Bxc4 13. Bxc4 e5 14. dxe5 dxe5 15. Bh2 h6 16. Rfd1 Bf8 17. Qa4 a6 18. Qc2 Kg7 19. a4 Qc7 20. e4 Rad8 21. Nd2 Na5 22. b3 Rd7 23. Be2 Red8 24. Nc4 Rxd1+ 25. Rxd1 Rxd1+ 26. Qxd1 Nxc4 27. Bxc4 Bd6 28. f3 Qc6 29. Kf1 Bc7 30. Qd3 Bd6 31. Bg1 Qc7 32. Be3 Bf8 33. Qd2 Kh7 34. g3 Ne8 35. Qd5 Kg8 36. Kg2 Nf6 37. Qd2 h5 38. Bg5 Nd7 39. a5 Kg7 40. Bh6+ Kh7 41. Bg5 Kg7 42. h4 Qc6 43. Qd5 Qxd5 44. Bxd5 f6 45. Be3 b5 46. axb6 Nxb6 47. Bc6 a5 48. c4 Bd6 49. Bd2 a4 50. Bxa4 Na8 51. Ba5 Bc7 52. b4 Bb6 53. Bc6 cxb4 54. Bxb4 Nc7 55. c5 Ba7 56. Bd5 Nb5 57. c6 Bb6 58. Be7 Bc7 59. Bc5 Nd4 60. Kf2 f5 61. Ke3 fxe4 62. Bxe4 Nf5+ 63. Kf2 Kf6 64. Kg2 Nd4 65. Bxd4 exd4 66. f4 Kf7 67. Kf3 Ba5 68. Ke2 Kf6 69. Kd3 Ke7 70. Bxg6 Be1 71. Kxd4 Kd6 72. Be4 Bxg3 73. f5 Bxh4 74. Bf3 Bf6+ 75. Ke3 Bg5+ 76. Kd4 Bf6+ 77. Kc4 Bd8 78. Bg2 Bf6 79. Kb5 Bd4 80. Bf3 h4 81. Bg2 Be3 82. f6 Bf4 83. Bh3 Kc7 84. Kc5 Kd8 85. Bd7 Be5 86. Kb6 Bf4 87. Kb7 Be5 88. Be6 Bf4 89. Bh3 Be5 90. Bg4 Bf4 91. Be6 1/2-1/2

[Event "IIFL Wealth 4th Mumbai GM"]
[Site "Mumbai"]
[Date "2019.01.05"]
[Round "7"]
[White "Mosadeghpour, Masoud"]
[Black "Rathnakaran, K.."]
[Result "1-0"]
[ECO "B06"]
[WhiteElo "2520"]
[BlackElo "2366"]
[Annotator "ChessBase"]
[PlyCount "81"]
[EventDate "2018.12.30"]
[EventType "swiss"]
[EventCountry "IND"]
[SourceTitle "playchess.com"]
[Source "ChessBase"]
[SourceQuality "1"]
[TimeControl "40/5400+30:1800+30"]

1. e4 g6 2. d4 d6 3. Nc3 c6 4. Nf3 Bg7 5. Be2 Qc7 6. O-O e5 7. Be3 Nd7 8. Qd2 Ngf6 9. Rad1 O-O 10. Bh6 Re8 11. Bxg7 Kxg7 12. a3 Nf8 13. h3 Nh5 14. Rfe1 Nf4 15. Bf1 f6 16. Kh2 g5 17. g3 N4g6 18. Be2 Kh8 19. b4 Qg7 20. d5 Bxh3 21. Kxh3 g4+ 22. Kh2 gxf3 23. Bxf3 Rac8 24. Bg4 cxd5 25. Bxc8 Rxc8 26. Nxd5 Ne6 27. Qe3 Rxc2 28. Rc1 Nd4 29. Rf1 Re2 30. Rc8+ Nf8 31. Qd3 Qf7 32. Kg2 f5 33. Ne3 d5 34. exf5 Kg7 35. Rfc1 Qh5 36. f6+ Kg8 37. Nf1 Qf7 38. R1c7 Rxf2+ 39. Kxf2 Qxf6+ 40. Kg2 e4 41. Qd1 1-0

[Event "IIFL Wealth 4th Mumbai GM"]
[Site "Mumbai"]
[Date "2019.01.05"]
[Round "7"]
[White "Visakh N R"]
[Black "Tran, Tuan Minh"]
[Result "0-1"]
[ECO "A05"]
[WhiteElo "2491"]
[BlackElo "2524"]
[Annotator "ChessBase"]
[PlyCount "48"]
[EventDate "2018.12.30"]
[EventType "swiss"]
[EventCountry "IND"]
[SourceTitle "playchess.com"]
[Source "ChessBase"]
[SourceQuality "1"]
[TimeControl "40/5400+30:1800+30"]

1. Nf3 Nf6 2. c4 b6 3. g3 Bb7 4. Bg2 e6 5. O-O Be7 6. d4 O-O 7. Re1 Qc8 8. Bg5 Re8 9. Bxf6 Bxf6 10. e4 d6 11. e5 dxe5 12. dxe5 Be7 13. Nc3 Nd7 14. Nd4 Rd8 15. Bxb7 Qxb7 16. Qg4 Bb4 17. Rac1 Nc5 18. Red1 Bxc3 19. Rxc3 Rd7 20. b4 Qe4 21. Qxe4 Nxe4 22. Re3 f5 23. exf6 Nxf6 24. Rxe6 c5 0-1

[Event "IIFL Wealth 4th Mumbai GM"]
[Site "Mumbai"]
[Date "2019.01.05"]
[Round "7"]
[White "Gukesh D"]
[Black "Aleksandrov, Aleksej"]
[Result "1-0"]
[ECO "C50"]
[WhiteElo "2466"]
[BlackElo "2590"]
[Annotator "ChessBase"]
[PlyCount "63"]
[EventDate "2018.12.30"]
[EventType "swiss"]
[EventCountry "IND"]
[SourceTitle "playchess.com"]
[Source "ChessBase"]
[SourceQuality "1"]
[TimeControl "40/5400+30:1800+30"]

1. e4 e5 2. Nf3 Nc6 3. Bc4 Bc5 4. O-O Nf6 5. d4 Bxd4 6. Nxd4 Nxd4 7. f4 d6 8. fxe5 dxe5 9. Bg5 Qe7 10. c3 Be6 11. Na3 Bxc4 12. Bxf6 gxf6 13. Nxc4 Ne6 14. Ne3 Qc5 15. Qd2 Ng5 16. Rad1 Nxe4 17. Qd7+ Kf8 18. Qd3 Ng5 19. b4 e4 20. Qe2 Qb6 21. Kh1 Qe6 22. h4 h6 23. hxg5 hxg5+ 24. Kg1 Kg7 25. Qc4 Kg6 26. Rd5 Rh6 27. Rdf5 Kg7 28. Qd4 Rah8 29. Rxg5+ Rg6 30. Nf5+ Kf8 31. Rxg6 fxg6 32. Qd8+ 1-0

[Event "IIFL Wealth 4th Mumbai GM"]
[Site "Mumbai"]
[Date "2019.01.05"]
[Round "7"]
[White "Khusenkhojaev, Muhammad"]
[Black "Bhambure, Shantanu"]
[Result "1-0"]
[ECO "E04"]
[WhiteElo "2455"]
[BlackElo "2223"]
[Annotator "RC"]
[PlyCount "87"]
[EventDate "2018.12.30"]
[EventType "swiss"]
[EventCountry "IND"]
[SourceTitle "playchess.com"]
[Source "ChessBase"]
[SourceQuality "1"]
[TimeControl "40/5400+30:1800+30"]

1. d4 Nf6 2. c4 e6 3. g3 d5 4. Nf3 dxc4 5. Bg2 a6 6. O-O Nc6 7. e3 Bd7 8. Qe2 Bd6 9. Qxc4 O-O 10. Rd1 Rb8 11. Qc2 Qe7 12. Nbd2 Nb4 13. Qb1 Bb5 14. Nf1 Bc6 15. N1d2 Bb5 16. Bf1 Bxf1 17. Rxf1 c5 18. a3 Nc6 19. dxc5 Bxc5 20. b4 Ba7 21. Bb2 Rfd8 22. Ne4 Nxe4 23. Qxe4 Rd5 24. Rad1 Rbd8 25. Rxd5 Rxd5 26. h4 f6 27. Rc1 Qd7 28. Kg2 a5 29. Qc4 axb4 30. axb4 Bb6 31. Ra1 Qe7 32. Bc3 Rd8 33. b5 Nb8 34. Ra8 Nc6 35. Ra2 Nb8 36. Nd4 Bxd4 37. Bxd4 b6 38. Kh2 Qd6 39. Ra7 Nd7 40. Qc6 Qxc6 41. bxc6 Nc5 42. Bxc5 bxc5 43. Rd7 Re8 44. c7 1-0

[Event "IIFL Wealth 4th Mumbai GM"]
[Site "Mumbai"]
[Date "2019.01.05"]
[Round "7"]
[White "Shyaamnikhil P"]
[Black "Pranesh M"]
[Result "1/2-1/2"]
[ECO "A05"]
[WhiteElo "2448"]
[BlackElo "2125"]
[Annotator "NA"]
[PlyCount "84"]
[EventDate "2018.12.30"]
[EventType "swiss"]
[EventCountry "IND"]
[SourceTitle "playchess.com"]
[Source "ChessBase"]
[SourceQuality "1"]
[TimeControl "40/5400+30:1800+30"]

1. Nf3 Nf6 2. b3 g6 3. Bb2 Bg7 4. g3 c5 5. Bg2 Nc6 6. O-O d6 7. d4 cxd4 8. Nxd4 Bd7 9. c4 O-O 10. Nc3 Nxd4 11. Qxd4 Bc6 12. Nd5 Bxd5 13. Bxd5 Qd7 14. Rad1 Nh5 15. Qd2 Bxb2 16. Qxb2 Rac8 17. Rd4 Nf6 18. Rfd1 b6 19. Bf3 Qe6 20. Qd2 Rc5 21. Qh6 Qe5 22. Rh4 Rfc8 23. Kg2 Qg5 24. Qxg5 Rxg5 25. b4 a5 26. a3 axb4 27. axb4 Re5 28. e3 b5 29. cxb5 Rxb5 30. Be2 Rb6 31. Rhd4 e6 32. Rxd6 Rxb4 33. Rd8+ Rxd8 34. Rxd8+ Kg7 35. Rd2 Rb7 36. Bf3 Rd7 37. Rb2 Nd5 38. h4 h5 39. Be4 Nf6 40. Bf3 Nd5 41. Be4 Nf6 42. Bf3 Nd5 1/2-1/2

[Event "IIFL Wealth 4th Mumbai GM"]
[Site "Mumbai"]
[Date "2019.01.05"]
[Round "7"]
[White "Manik, Mikulas"]
[Black "Divya Deshmukh"]
[Result "1-0"]
[ECO "B84"]
[WhiteElo "2410"]
[BlackElo "2190"]
[Annotator "NA RC"]
[PlyCount "62"]
[EventDate "2018.12.30"]
[EventType "swiss"]
[EventCountry "IND"]
[SourceTitle "playchess.com"]
[Source "ChessBase"]
[SourceQuality "1"]
[TimeControl "40/5400+30:1800+30"]

1. e4 c5 2. Nf3 d6 3. d4 cxd4 4. Nxd4 Nf6 5. Nc3 a6 6. Be2 e6 7. Be3 Be7 8. f4 Qc7 9. O-O O-O 10. Bf3 Nc6 11. Kh1 Na5 12. Qe1 Nc4 13. Bc1 e5 14. fxe5 Nxe5 15. Bg5 Qc5 16. Nf5 Bxf5 17. exf5 Rfe8 18. Bxb7 Rab8 19. Bxa6 Qa5 20. Be2 Rxb2 21. Rc1 Rc8 22. Bd2 Qa8 23. Qg3 Kh8 24. a4 Rc5 25. Bb5 Qc8 26. Qe1 Bd8 27. Ne4 Nxe4 28. Qxe4 Rbxc2 29. Rcd1 Rb2 30. Bc1 Rbxb5 31. axb5 Bb6 1-0

[Event "IIFL Wealth 4th Mumbai GM"]
[Site "Mumbai"]
[Date "2019.01.05"]
[Round "7"]
[White "Mohammad Fahad, Rahman"]
[Black "Gajek, Radoslaw"]
[Result "0-1"]
[ECO "C11"]
[WhiteElo "2381"]
[BlackElo "2475"]
[Annotator "ChessBase"]
[PlyCount "50"]
[EventDate "2018.12.30"]
[EventType "swiss"]
[EventCountry "IND"]
[SourceTitle "playchess.com"]
[Source "ChessBase"]
[SourceQuality "1"]
[TimeControl "40/5400+30:1800+30"]

1. e4 e6 2. d4 d5 3. Nc3 Nf6 4. Bg5 dxe4 5. Nxe4 Be7 6. Bxf6 gxf6 7. Nf3 f5 8. Nc3 a6 9. a4 Qd6 10. Bc4 c5 11. dxc5 Qxc5 12. Qe2 Nc6 13. Rd1 Bd7 14. O-O Rd8 15. Rfe1 O-O 16. Bb3 Bf6 17. Qe3 Qxe3 18. Rxe3 Nb4 19. Ne5 Bc8 20. Kf1 Rxd1+ 21. Nxd1 Rd8 22. Ke2 b6 23. c3 Bxe5 24. Rxe5 Nd3 25. Re3 Nc1+ 0-1

[Event "IIFL Wealth 4th Mumbai GM"]
[Site "Mumbai"]
[Date "2019.01.05"]
[Round "7"]
[White "Raghunandan, Kaumandur Srihari"]
[Black "Harshavardhan G B"]
[Result "0-1"]
[ECO "B67"]
[WhiteElo "2378"]
[BlackElo "2163"]
[Annotator "NA"]
[PlyCount "116"]
[EventDate "2018.12.30"]
[EventType "swiss"]
[EventCountry "IND"]
[SourceTitle "playchess.com"]
[Source "ChessBase"]
[SourceQuality "1"]
[TimeControl "40/5400+30:1800+30"]

1. e4 c5 2. Nf3 d6 3. d4 cxd4 4. Nxd4 Nf6 5. Nc3 Nc6 6. Bg5 e6 7. Qd2 a6 8. O-O-O Bd7 9. f4 Qc7 10. Nf3 O-O-O 11. Bd3 Be7 12. Rhe1 h6 13. Bh4 Nb4 14. Bf1 Rhe8 15. a3 Nc6 16. Bf2 Na5 17. Kb1 b5 18. a4 Nc4 19. Bxc4 Qxc4 20. Bb6 b4 21. Na2 Nxe4 22. Qe3 f5 23. Rd4 Qc6 24. Rxb4 d5 25. Bxd8 Rxd8 26. Rb3 Bc5 27. Qe2 Qxa4 28. Nc3 Qa5 29. Nxe4 dxe4 30. Rc3 Kb7 31. Ne5 Bb4 32. Rb3 Ba4 33. Nc6 Kxc6 34. Qc4+ Bc5 35. Qxe6+ Kc7 36. Rc3 Bc6 37. Qe5+ Kb6 38. Rb3+ Ka7 39. Rc1 Bb6 40. Qxg7+ Bb7 41. Qxh6 e3 42. Qe6 Be4 43. Qe7+ Ka8 44. Ra3 Qb5 45. g4 Rd7 46. Qe6 Kb7 47. Rb3 Qc6 48. gxf5 e2 49. Rxb6+ Kxb6 50. Qb3+ Kc7 51. Qe3 Bxc2+ 52. Rxc2 Rd1+ 53. Ka2 Qxc2 54. Qa7+ Kd8 55. Qb6+ Qc7 56. Qf6+ Qe7 57. Qb6+ Ke8 58. Qg6+ Qf7+ 0-1

[Event "IIFL Wealth 4th Mumbai GM"]
[Site "Mumbai"]
[Date "2019.01.05"]
[Round "7"]
[White "Kulkarni, Vikramaditya"]
[Black "Stupak, Kirill"]
[Result "0-1"]
[ECO "A30"]
[WhiteElo "2345"]
[BlackElo "2557"]
[Annotator "RC"]
[PlyCount "74"]
[EventDate "2018.12.30"]
[EventType "swiss"]
[EventCountry "IND"]
[SourceTitle "playchess.com"]
[Source "ChessBase"]
[SourceQuality "1"]
[TimeControl "40/5400+30:1800+30"]

1. c4 c5 2. Nf3 Nc6 3. Nc3 g6 4. d4 cxd4 5. Nxd4 Bg7 6. Nc2 d6 7. e4 Bxc3+ 8. bxc3 Qa5 9. Be2 Nf6 10. f3 Be6 11. O-O Rc8 12. Bh6 Qxc3 13. Rb1 Bxc4 14. Bxc4 Qxc4 15. Ne3 Qc5 16. Kh1 Nd7 17. Rxb7 Nd8 18. Rb1 f6 19. Rf2 Qh5 20. Bf4 Ne6 21. Nd5 Nxf4 22. Nxf4 Qc5 23. Re2 Nb6 24. h3 Kf7 25. a4 Rc7 26. a5 Qxa5 27. Rxb6 axb6 28. Qb3+ d5 29. Kh2 Rc3 30. Qb1 d4 31. Nd5 Rhc8 32. Ra2 Ra3 33. Rb2 Rc5 34. Rxb6 Rxd5 35. exd5 Qxd5 36. Qc1 Rc3 37. Qh6 Qh5 0-1

[Event "IIFL Wealth 4th Mumbai GM"]
[Site "Mumbai"]
[Date "2019.01.05"]
[Round "7"]
[White "Ameir, Moheb"]
[Black "Subhayan Kundu"]
[Result "0-1"]
[ECO "C06"]
[WhiteElo "2327"]
[BlackElo "2185"]
[Annotator "NA"]
[PlyCount "88"]
[EventDate "2018.12.30"]
[EventType "swiss"]
[EventCountry "IND"]
[SourceTitle "playchess.com"]
[Source "ChessBase"]
[SourceQuality "1"]
[TimeControl "40/5400+30:1800+30"]

1. e4 e6 2. d4 d5 3. Nd2 Nf6 4. e5 Nfd7 5. Bd3 c5 6. c3 Nc6 7. Ne2 cxd4 8. cxd4 f6 9. exf6 Nxf6 10. O-O Bd6 11. Nf3 O-O 12. Bf4 Bxf4 13. Nxf4 Ng4 14. Qd2 Qf6 15. Ne2 e5 16. dxe5 Ngxe5 17. Nxe5 Nxe5 18. Rac1 Bg4 19. Nd4 Qf4 20. Rc2 Rac8 21. Qxf4 Rxf4 22. Rxc8+ Bxc8 23. Rd1 Rxd4 24. Bxh7+ Kxh7 25. Rxd4 Be6 26. f4 Nc6 27. Rd2 d4 28. b3 Kg6 29. Re2 Bg4 30. Rd2 Be6 31. Re2 Bd5 32. Re8 Kf5 33. g3 Be4 34. Kf2 Bb1 35. Rg8 Kf6 36. Rf8+ Ke6 37. a3 d3 38. Re8+ Kf5 39. Ke3 Nd4 40. Kd2 Nxb3+ 41. Kc3 d2 42. Rd8 Ke4 43. Re8+ Kf3 44. Rd8 Ke3 {[%emt 0:00:11] Kd4+} 0-1

[Event "IIFL Wealth 4th Mumbai GM"]
[Site "Mumbai"]
[Date "2019.01.05"]
[Round "7"]
[White "Pranav, V."]
[Black "Mahindrakar Indrajeet"]
[Result "1-0"]
[ECO "D00"]
[WhiteElo "2318"]
[BlackElo "2106"]
[Annotator "NA"]
[PlyCount "91"]
[EventDate "2018.12.30"]
[EventType "swiss"]
[EventCountry "IND"]
[SourceTitle "playchess.com"]
[Source "ChessBase"]
[SourceQuality "1"]
[TimeControl "40/5400+30:1800+30"]

1. d4 d5 2. Bf4 c5 3. e3 Nf6 4. Nc3 g6 5. Nf3 Bg7 6. Nb5 Na6 7. c3 O-O 8. Be2 Qb6 9. a4 Bd7 10. O-O c4 11. b3 cxb3 12. Qxb3 Rfc8 13. c4 Be6 14. c5 Qa5 15. Ng5 Bf5 16. g4 Bd7 17. Nxf7 Kxf7 18. g5 Nh5 19. Bxh5 gxh5 20. Qxd5+ Be6 21. Qe4 Qd8 22. Qxh7 Qd7 23. g6+ Kf8 24. Bh6 Ke8 25. Qxg7 Qd5 26. Qf8+ Kd7 27. Qf4 Bh3 28. Qg3 Bxf1 29. Rxf1 Rc6 30. f4 Qf5 31. Bg5 Rxg6 32. Qf3 Qg4+ 33. Qxg4+ hxg4 34. Na3 Nb4 35. Rb1 a5 36. Nc4 Ke8 37. Nxa5 Nc2 38. Nc4 Rxa4 39. Ne5 Rga6 40. Rxb7 Kf8 41. Bxe7+ Ke8 42. Bg5 Ra8 43. Rh7 Kf8 44. Bf6 Ra1+ 45. Kf2 g3+ 46. hxg3 1-0

[Event "IIFL Wealth 4th Mumbai GM"]
[Site "Mumbai"]
[Date "2019.01.05"]
[Round "7"]
[White "Elgabry, Mohsen"]
[Black "Soham Datar"]
[Result "1/2-1/2"]
[ECO "D78"]
[WhiteElo "2305"]
[BlackElo "2134"]
[Annotator "NA"]
[PlyCount "152"]
[EventDate "2018.12.30"]
[EventType "swiss"]
[EventCountry "IND"]
[SourceTitle "playchess.com"]
[Source "ChessBase"]
[SourceQuality "1"]
[TimeControl "40/5400+30:1800+30"]

1. Nf3 d5 2. g3 g6 3. Bg2 Bg7 4. d4 Nf6 5. c4 c6 6. O-O O-O 7. Nc3 dxc4 8. a4 a5 9. e4 Nfd7 10. Be3 Na6 11. Qe2 Nb4 12. Rfd1 Nb6 13. h3 Ra6 14. Ne5 Be6 15. f4 f6 16. Nf3 Bf7 17. g4 Qc7 18. Ne1 Bh6 19. Qf2 Rd8 20. Bf1 f5 21. d5 fxe4 22. dxc6 bxc6 23. Rxd8+ Qxd8 24. Rd1 Nd3 25. Nxe4 Nd5 26. Nxd3 cxd3 27. Rxd3 Ra8 28. Ng5 Bxg5 29. fxg5 Qc7 30. Bc5 Nf4 31. Rf3 e5 32. Ba3 Bd5 33. Re3 e4 34. Rg3 Qe5 35. h4 Re8 36. Re3 Bf7 37. b3 Nd5 38. Bb2 Qe6 39. Be2 Qd6 40. Bc4 Nf4 41. Bf1 Nd5 42. Bc4 Qf4 43. Qxf4 Nxf4 44. Bc3 Bxc4 45. bxc4 Nd3 46. Bxa5 Nb2 47. Be1 Nxa4 48. Ra3 Nb2 49. Ra7 Nxc4 50. Bc3 Ne5 51. Kf1 Nxg4 52. Rg7+ Kf8 53. Rxh7 Ne3+ 54. Ke2 Nf5 55. Rd7 Re6 56. Rh7 e3 57. Be1 Nd4+ 58. Kd3 c5 59. Rc7 Nf3 60. Ke2 Nxe1 61. Kxe1 Re5 62. Ke2 Kg8 63. Rd7 Re4 64. Rb7 Rxh4 65. Rc7 Rc4 66. Kxe3 Kf8 67. Kd3 Rd4+ 68. Ke3 Rd5 69. Kf4 Rf5+ 70. Kg4 Rd5 71. Kf4 Rf5+ 72. Kg4 Ke8 73. Rg7 c4 74. Rc7 Ra5 75. Rxc4 Kf7 76. Rc7+ Kg8 1/2-1/2

[Event "IIFL Wealth 4th Mumbai GM"]
[Site "Mumbai"]
[Date "2019.01.05"]
[Round "7"]
[White "Srijit Paul"]
[Black "Sundararajan, Kidambi"]
[Result "1/2-1/2"]
[ECO "C87"]
[WhiteElo "2298"]
[BlackElo "2458"]
[Annotator "ChessBase"]
[PlyCount "81"]
[EventDate "2018.12.30"]
[EventType "swiss"]
[EventCountry "IND"]
[SourceTitle "playchess.com"]
[Source "ChessBase"]
[SourceQuality "1"]
[TimeControl "40/5400+30:1800+30"]

1. e4 e5 2. Nf3 Nc6 3. Bb5 a6 4. Ba4 Nf6 5. O-O Be7 6. Re1 d6 7. c3 Bg4 8. h3 Bh5 9. d3 Nd7 10. Nbd2 Nc5 11. Bc2 Ne6 12. Nf1 Ng5 13. Bxg5 Bxg5 14. Ng3 Bxf3 15. Qxf3 O-O 16. Rad1 g6 17. d4 Qf6 18. Qd3 Bh4 19. Ba4 b5 20. Bb3 Na5 21. dxe5 dxe5 22. Qd7 Rac8 23. Qg4 Bxg3 24. Qxg3 Rcd8 25. Rd5 Rxd5 26. exd5 Re8 27. Qe3 Qd6 28. Rd1 f5 29. f3 e4 30. fxe4 Rxe4 31. Qf2 Nxb3 32. axb3 Qe5 33. Qa7 Re2 34. Kh1 Rxb2 35. Qxa6 Rxg2 36. Kxg2 Qe2+ 37. Kg3 Qe3+ 38. Kg2 Qe2+ 39. Kg3 Qe3+ 40. Kg2 Qe2+ 41. Kg3 1/2-1/2

[Event "IIFL Wealth 4th Mumbai GM"]
[Site "Mumbai"]
[Date "2019.01.05"]
[Round "7"]
[White "Sangma, Rahul"]
[Black "Ankit, R. Rajpara"]
[Result "0-1"]
[ECO "A06"]
[WhiteElo "2289"]
[BlackElo "2465"]
[Annotator "ChessBase"]
[PlyCount "43"]
[EventDate "2018.12.30"]
[EventType "swiss"]
[EventCountry "IND"]
[SourceTitle "playchess.com"]
[Source "ChessBase"]
[SourceQuality "1"]
[TimeControl "40/5400+30:1800+30"]

1. Nf3 d5 2. e3 Nf6 3. c4 c6 4. Nc3 e6 5. b3 Bd6 6. Qc2 e5 7. cxd5 cxd5 8. Nb5 Nc6 9. Nxd6+ Qxd6 10. Bb5 O-O 11. Bxc6 bxc6 12. Bb2 e4 13. Nd4 c5 14. Nb5 Qc6 15. Bxf6 Qxb5 16. a4 Qa6 17. Bb2 Bg4 18. d3 exd3 19. Qc3 d4 20. Qc4 Qg6 21. Qxc5 d2+ 22. Kxd2 0-1

[Event "IIFL Wealth 4th Mumbai GM"]
[Site "Mumbai"]
[Date "2019.01.05"]
[Round "7"]
[White "Sarwat, Walaa"]
[Black "Lama, Milan"]
[Result "1-0"]
[ECO "B35"]
[WhiteElo "2276"]
[BlackElo "1897"]
[Annotator "NA"]
[PlyCount "111"]
[EventDate "2018.12.30"]
[EventType "swiss"]
[EventCountry "IND"]
[SourceTitle "playchess.com"]
[Source "ChessBase"]
[SourceQuality "1"]
[TimeControl "40/5400+30:1800+30"]

1. e4 c5 2. Nf3 g6 3. Nc3 Bg7 4. d4 cxd4 5. Nxd4 Nc6 6. Be3 Nf6 7. Bc4 Qa5 8. O-O O-O 9. Bb3 d6 10. h3 Bd7 11. f4 Nxd4 12. Bxd4 Bc6 13. Qd3 Rad8 14. Qe3 Nd7 15. Bxg7 Kxg7 16. Qd4+ f6 17. Qd2 Nc5 18. Kh2 Qc7 19. Rae1 Nxb3 20. axb3 e6 21. Qd4 a6 22. Rf2 Rf7 23. Kg1 Qa5 24. b4 Qc7 25. Rd2 Bb5 26. Nxb5 axb5 27. c3 Rfd7 28. Ra1 d5 29. e5 fxe5 30. fxe5 Rf8 31. Ra5 Rdf7 32. Re2 Rf4 33. Qd3 Qf7 34. Kh2 Rf1 35. Qg3 Rh1+ 36. Kxh1 Qf1+ 37. Kh2 Qxe2 38. Ra7 Rf7 39. b3 h6 40. Ra8 Rf5 41. Rb8 Rg5 42. Rxb7+ Kg8 43. Qf3 Qxe5+ 44. Kg1 Rf5 45. Qd3 Qe1+ 46. Kh2 Qe5+ 47. Qg3 d4 48. c4 bxc4 49. bxc4 Qxg3+ 50. Kxg3 Kf8 51. c5 Ke8 52. c6 d3 53. Rd7 Rb5 54. Rxd3 Rb8 55. b5 Ke7 56. c7 1-0

[Event "IIFL Wealth 4th Mumbai GM"]
[Site "Mumbai"]
[Date "2019.01.05"]
[Round "7"]
[White "Balasubramaniam H"]
[Black "Das, Sayantan"]
[Result "0-1"]
[ECO "B22"]
[WhiteElo "2270"]
[BlackElo "2453"]
[Annotator "ChessBase"]
[PlyCount "132"]
[EventDate "2018.12.30"]
[EventType "swiss"]
[EventCountry "IND"]
[SourceTitle "playchess.com"]
[Source "ChessBase"]
[SourceQuality "1"]
[TimeControl "40/5400+30:1800+30"]

1. e4 c5 2. c3 e6 3. d4 d5 4. exd5 exd5 5. Nf3 Nc6 6. Be2 Nf6 7. O-O Be6 8. dxc5 Bxc5 9. b4 Bb6 10. b5 Ne7 11. Nd4 O-O 12. Nd2 Rc8 13. Bb2 Nf5 14. Bd3 Nxd4 15. cxd4 Bg4 16. f3 Bh5 17. a4 Bg6 18. Bxg6 hxg6 19. Nb3 Nh5 20. Qd2 Rc4 21. g4 Nf6 22. Qd3 Rc8 23. Nc5 Nd7 24. Nxd7 Qxd7 25. Rac1 Rfe8 26. Qd2 Rxc1 27. Rxc1 Qe7 28. Kf1 Ba5 29. Bc3 Bxc3 30. Rxc3 Qb4 31. Qc2 Kh7 32. Kg2 Qxd4 33. Rd3 Qe5 34. Qd2 Rd8 35. Rd4 b6 36. Kg1 Qd6 37. Kg2 Qc5 38. Qd3 Rd6 39. Qd2 Rd7 40. Qd3 Qd6 41. Qd2 Qe5 42. Qd3 Rd6 43. Qd2 g5 44. Qd3+ Kg8 45. Qd2 Rh6 46. Kh1 Rd6 47. Kg2 Rd7 48. Qd3 Rd8 49. Qd2 Rd6 50. Kg1 g6 51. Kg2 Kg7 52. Qd3 Rd8 53. Qd2 Rh8 54. f4 gxf4 55. Rxd5 f3+ 56. Kf1 Rxh2 57. Rxe5 Rxd2 58. Re7 Kf6 59. Rxa7 Kg5 60. a5 bxa5 61. Rxf7 Kxg4 62. b6 Rb2 63. b7 g5 64. Ke1 Kg3 65. Rf5 g4 66. Rxa5 f2+ 0-1

[Event "IIFL Wealth 4th Mumbai GM"]
[Site "Mumbai"]
[Date "2019.01.05"]
[Round "7"]
[White "Ziatdinov, Raset"]
[Black "Sekar, B."]
[Result "1/2-1/2"]
[ECO "B92"]
[WhiteElo "2252"]
[BlackElo "2137"]
[Annotator "NA"]
[PlyCount "135"]
[EventDate "2018.12.30"]
[EventType "swiss"]
[EventCountry "IND"]
[SourceTitle "playchess.com"]
[Source "ChessBase"]
[SourceQuality "1"]
[TimeControl "40/5400+30:1800+30"]

1. e4 c5 2. Nf3 d6 3. d4 cxd4 4. Nxd4 Nf6 5. Nc3 a6 6. Be2 e5 7. Nb3 Be7 8. O-O O-O 9. Be3 Be6 10. Qd2 Nbd7 11. a4 Nb6 12. Rfd1 Rc8 13. Bg5 Nbd7 14. a5 Qc7 15. Nc1 h6 16. Be3 Nc5 17. Bf3 Qc6 18. Nd5 Bxd5 19. exd5 Qc7 20. Qe1 Nh7 21. Be2 f5 22. c4 Nd7 23. Nb3 f4 24. Bd2 f3 25. Bxf3 Qxc4 26. Ra3 Ng5 27. Bxg5 Bxg5 28. Nd2 Bxd2 29. Qxd2 Qf4 30. g3 Qxd2 31. Rxd2 Rc4 32. Be2 Rb4 33. Rc2 Nc5 34. Kf1 Rb8 35. Ke1 b6 36. axb6 R8xb6 37. Ra2 Kf8 38. Bc4 Ke7 39. Kd1 e4 40. Kc1 Kf6 41. f3 exf3 42. Ra3 Nb3+ 43. Bxb3 Rxb3 44. Rc3 Rxb2 45. Rxf3+ Ke5 46. Rf7 Rb7 47. Rxg7 Rxg7 48. Kxb2 Rf7 49. h4 Ra7 50. g4 a5 51. Rf3 Kxd5 52. Rf5+ Kc6 53. g5 hxg5 54. hxg5 d5 55. g6 Rg7 56. Rf6+ Kc5 57. Kc3 a4 58. Ra6 Kb5 59. Rd6 Rc7+ 60. Kd4 a3 61. Rxd5+ Kb4 62. Ke5 Rc1 63. Rd4+ Kb3 64. g7 Rg1 65. Rd3+ Kb4 66. Rxa3 Kxa3 67. Kf6 Rxg7 68. Kxg7 1/2-1/2

[Event "IIFL Wealth 4th Mumbai GM"]
[Site "Mumbai"]
[Date "2019.01.05"]
[Round "7"]
[White "Navalgund, Niranjan"]
[Black "Czebe, Attila"]
[Result "1-0"]
[ECO "A40"]
[WhiteElo "2240"]
[BlackElo "2417"]
[Annotator "NA"]
[PlyCount "86"]
[EventDate "2018.12.30"]
[EventType "swiss"]
[EventCountry "IND"]
[SourceTitle "playchess.com"]
[Source "ChessBase"]
[SourceQuality "1"]
[TimeControl "40/5400+30:1800+30"]

1. d4 Nf6 2. c4 e6 3. g3 Bb4+ 4. Bd2 Bxd2+ 5. Qxd2 O-O 6. Bg2 d6 7. Nc3 Qe7 8. Nf3 Nbd7 9. O-O c6 10. b3 e5 11. dxe5 dxe5 12. Rad1 Nc5 13. b4 Ne6 14. Qd6 Qxd6 15. Rxd6 e4 16. Nd4 Ne8 17. Nxe6 Bxe6 18. Rd4 f5 19. g4 g6 20. gxf5 gxf5 21. f3 a5 22. b5 c5 23. Rdd1 Bxc4 24. fxe4 Ng7 25. exf5 Nxf5 26. Bxb7 Rab8 27. Bd5+ Bxd5 28. Rxd5 Ne3 29. Rg5+ Kh8 30. Rf3 Rg8 31. Rxg8+ Rxg8+ 32. Rg3 Re8 33. Kf2 Nf5 34. Rg5 Rf8 35. e4 Nd4+ 36. Kg2 c4 37. b6 Rb8 38. Na4 c3 39. Rc5 c2 40. Kf2 Kg7 41. Ke3 Rd8 42. b7 Nb5 43. Rxc2 Nd6 1-0

[Event "IIFL Wealth 4th Mumbai GM"]
[Site "Mumbai"]
[Date "2019.01.05"]
[Round "7"]
[White "Praveen Kumar C"]
[Black "Gandhi, Anish"]
[Result "1/2-1/2"]
[ECO "E63"]
[WhiteElo "2233"]
[BlackElo "2134"]
[Annotator "NA"]
[PlyCount "112"]
[EventDate "2018.12.30"]
[EventType "swiss"]
[EventCountry "IND"]
[SourceTitle "playchess.com"]
[Source "ChessBase"]
[SourceQuality "1"]
[TimeControl "40/5400+30:1800+30"]

1. d4 Nf6 2. c4 g6 3. g3 Bg7 4. Bg2 O-O 5. Nc3 d6 6. Nf3 Nc6 7. O-O a6 8. h3 Re8 9. a3 Bf5 10. d5 Na5 11. Nd2 c5 12. dxc6 Nxc6 13. Nb3 Nd7 14. Be3 Nde5 15. Nd2 Rc8 16. Nd5 Nd7 17. g4 Be6 18. Rb1 b5 19. cxb5 axb5 20. Nf4 Ba2 21. Ra1 Bc4 22. Rb1 Ba2 23. Ra1 Bc4 24. b3 Be6 25. Nxe6 fxe6 26. Rc1 Nd4 27. Nf3 Rxc1 28. Bxc1 Nxf3+ 29. Bxf3 Qb6 30. Be3 Qa6 31. Qc2 Rc8 32. Qa2 b4 33. a4 d5 34. Rc1 Bc3 35. Qc2 Ne5 36. Bg2 Nc6 37. h4 Rf8 38. Qd3 Qxd3 39. exd3 Nd4 40. Bxd4 Bxd4 41. Rc2 Kg7 42. Kf1 h6 43. g5 Bc3 44. Re2 Kf7 45. gxh6 Rh8 46. a5 Rxh6 47. Bh3 g5 48. h5 e5 49. Ra2 Rxh5 50. Bc8 Rh1+ 51. Kg2 Ra1 52. Rxa1 Bxa1 53. a6 Bd4 54. f3 e6 55. Kg3 Kf6 56. Kg4 Bc5 1/2-1/2